 Dungeon Crawl Stone Soup version 0.17-a0-1324-ga541562 (webtiles) character file.

5104 xgamer67 the Reanimator (level 10, -1/76 HPs)
             Began as a Demonspawn Necromancer on June 9, 2015.
             Was a Follower of Fedhas.
             Slain by a flying skull (3 damage)
             ... on level 10 of the Dungeon.
             The game lasted 00:41:33 (10092 turns).

xgamer67 the Reanimator (Demonspawn Necromancer)   Turns: 10092, Time: 00:41:33

Health: -1/76      AC: 10    Str:  9    XL:     10   Next: 32%
Magic:  12/13      EV: 15    Int: 19    God:    Fedhas [*.....]
Gold:   332        SH:  0    Dex: 14    Spells: 6 memorised, 1 level left

rFire  + . .     SeeInvis .     H - +1 hand axe
rCold  . . .     Clarity  .     d - +1 robe {rF+}
rNeg   . . .     SustAt   .     (no shield)
rPois  +         Gourm    .     (no helmet)
rElec  .         Spirit   .     r - +0 cloak
rCorr  +         Warding  .     F - +0 pair of gloves
rMut   .         Stasis   .     l - +0 pair of boots
MR     +....                    t - amulet of resist corrosion
Stlth  ++........               (no ring)
                                w - ring of protection from magic

@: very slightly contaminated, somewhat resistant to hostile enchantments,
unstealthy
A: slimy green scales 3, demonic guardian 1
a: Evolution, Renounce Religion


You were on level 10 of the Dungeon.
You worshipped Fedhas.
Fedhas was aware of your devotion.
You were hungry.

You visited 1 branch of the dungeon, and saw 10 of its levels.

You collected 332 gold pieces.

Inventory:

Hand weapons
 a - a +2 battleaxe
 H - a +1 hand axe (weapon)
Missiles
 f - 13 poisoned needles
 h - 161 stones (quivered)
 s - 4 throwing nets
 A - 7 needles of sleeping
 E - 7 needles of slowing
Armour
 d - a +1 robe of fire resistance (worn)
 l - a +0 pair of boots (worn)
 r - a +0 cloak (worn)
 F - a +0 pair of gloves (worn)
Jewellery
 t - an amulet of resist corrosion (around neck)
 w - a ring of protection from magic (left hand)
Magical devices
 q - a wand of lightning (3)
 G - a wand of teleportation (5)
Scrolls
 j - a scroll of fear
 k - 2 scrolls of recharging
 o - a scroll of amnesia
 y - 2 scrolls of remove curse
 z - a scroll of enchant armour {unknown}
 C - a scroll of silence {unknown}
 I - a scroll of enchant weapon
 J - a scroll of fog {unknown}
Potions
 e - a potion of ambrosia
 m - a potion of flight {unknown}
 n - a potion of mutation {unknown}
 u - a potion of resistance
 x - a potion of might {unknown}
 B - a potion of brilliance {unknown}
 L - a potion of cure mutation {unknown}
Books
 b - a book of Necromancy

   Spells                             Type                      Level
   a - Pain                           Necromancy                   1
   b - Animate Skeleton               Necromancy                   1
   c - Vampiric Draining              Necromancy                   3
   d - Regeneration                   Charms/Necromancy            3
   e - Animate Dead                   Necromancy                   4
   f - Control Undead                 Necromancy                   4
 g - a book of Minor Magic

   Spells                             Type                      Level
   a - Magic Dart                     Conjuration                  1
   b - Blink                          Translocation                2
   c - Call Imp                       Summoning                    2
   d - Repel Missiles                 Charms/Air                   2
   e - Slow                           Hexes                        2
   f - Conjure Flame                  Conjuration/Fire             3
   g - Mephitic Cloud                 Conjuration/Poison/Air       3
Comestibles
 c - 9 bread rations
 i - 11 fruits
 p - 2 meat rations
 D - a royal jelly


   Skills:
 - Level 6.0 Fighting
 * Level 6.6 Axes
 - Level 6.2 Dodging
 - Level 1.7 Stealth
 - Level 2.0 Spellcasting
 - Level 3.1 Charms
 - Level 11.0 Necromancy
 + Level 0.0 Invocations


You had one spell level left.
You knew the following spells:

 Your Spells              Type           Power        Failure   Level  Hunger
a - Pain                  Necr           ####         1%          1    #......
b - Vampiric Draining     Necr           #####.....   1%          3    ###....
c - Animate Skeleton      Necr           N/A          1%          1    #......
d - Regeneration          Chrm/Necr      ####......   2%          3    ###....
e - Blink                 Tloc           N/A          24%         2    ###....
f - Repel Missiles        Chrm/Air       #.....       14%         2    ###....


Dungeon Overview and Level Annotations

Branches:
Dungeon (10/15)            Temple (0/1) D:6
   Lair: D:8-11         Orc: D:9-12

Altars:
Cheibriados
Fedhas
Gozag
Nemelex Xobeh
Qazlal
Trog
Vehumet
Xom
Yredelemnul
Zin
The Shining One

Shops:
D:4 [   D:5 }

Annotations:
D:5 exclusions: ice beast, 2 orcs and orc priest
D:8 exclusion: statue
D:9 exclusion: wight, Josephine


Innate Abilities, Weirdness & Mutations

You are completely covered in slimy green scales (AC +4, rPois).
A weak demonic guardian rushes to your aid.


Message History

The flying skull hits you.
* * * LOW HITPOINT WARNING * * *
All of the chunks of flesh in your inventory have rotted away.
Your crimson imp hits the flying skull but does no damage.
The flying skull closely misses your crimson imp.
You strike the helpless flying skull from a blind spot!
You hit the flying skull but do no damage.
The flying skull is severely damaged.
Your crimson imp hits the flying skull but does no damage.
Your crimson imp hits the flying skull.
The flying skull completely misses your crimson imp.
The iguana barely misses your crimson imp.
You barely miss the flying skull.
The flying skull is severely damaged.
The flying skull misses you.
Your crimson imp blinks!
Your crimson imp misses the flying skull.
The iguana bites your crimson imp! The flying skull hits you.
You die...
Fedhas appreciates your contribution to the ecosystem.

#####..# ####.#
...######...# ######
............# #....#
....#######.# #.##.###
....#######.#####.#)....
............#.....######
##..........#.#######
............#.......##
.......@z5#.#.........
.#.....#§.l.........#
#.###.#.##.##.....a#
.........'......#
####.#z##.##......#
......o.†.........#
..........##........
.#.#.#.#####......#.
..#.... ...##.#.#


You could see 2 flying skulls, an iguana, an orc priest and a friendly crimson
imp.

Vanquished Creatures
  Harold (D:10)
  Sigmund (D:5)
  A spriggan (D:8)
  A hippogriff (D:7)
  3 orc warriors
  A soldier ant (D:10)
  3 ogres
  2 water moccasins
  2 sky beasts
  An ice beast (D:7)
  5 centaurs
  5 giant frogs
  6 killer bees (D:7)
  A scorpion (D:4)
  5 wights
  2 electric eels (D:8)
  A giant frog zombie (D:8)
  A crimson imp (D:6)
  6 orc wizards
  A centaur zombie (D:7)
  4 hounds
  8 orc priests
  2 jellies (D:5)
  A gnoll shaman (D:4)
  11 worker ants
  Jessica (D:3)
  A hound zombie (D:6)
  A hound skeleton (D:4)
  A worker ant zombie (D:6)
  7 gnolls
  A river rat (D:9)
  A shadow imp (D:8)
  5 adders
  2 oozes
  An adder skeleton (D:6)
  2 worms
  4 giant geckos
  27 orcs
  3 ball pythons
  28 bats
  A bat skeleton (D:4)
  A bat zombie (D:7)
  5 giant cockroaches
  19 hobgoblins
  9 kobolds
  2 quokkas
  A ball python skeleton (D:4)
  A giant cockroach zombie (D:5)
  A giant gecko skeleton (D:4)
  9 giant newts
  8 goblins
  13 jackals
  A quokka skeleton (D:5)
  25 rats
256 creatures vanquished.

Vanquished Creatures (collateral kills)
  A troll (D:10)
  A shadow (D:10)
  A hippogriff (D:7)
  An ice beast (D:8)
  An ogre (D:5)
  2 giant frogs
  2 hounds
  A worker ant (D:10)
  A worm (D:7)
  A bat zombie (D:8)
  A goblin (D:5)
13 creatures vanquished.

Vanquished Creatures (others)
  A giant newt (D:1)
  27 toadstools
28 creatures vanquished.

Grand Total: 297 creatures vanquished

Notes
Turn   | Place    | Note
--------------------------------------------------------------
     0 | D:1      | xgamer67 the Demonspawn Necromancer began the quest for the Orb.
     0 | D:1      | Reached XP level 1. HP: 13/13 MP: 3/3
   383 | D:1      | Gained mutation: A weak demonic guardian rushes to your aid. [demonic ancestry]
   383 | D:1      | Reached XP level 2. HP: 14/19 MP: 3/5
   425 | D:1      | Reached skill level 5 in Necromancy
  1607 | D:2      | Reached XP level 3. HP: 22/24 MP: 4/6
  2084 | D:2      | Reached skill level 6 in Necromancy
  2106 | D:2      | Learned a level 3 spell: Vampiric Draining
  2108 | D:2      | Learned a level 1 spell: Animate Skeleton
  2498 | D:3      | Found a sparkling altar of Nemelex Xobeh.
  2502 | D:3      | Found a bloodstained altar of Trog.
  2502 | D:3      | Found a stormy altar of Qazlal.
  2528 | D:3      | Gained mutation: You are partially covered in slimy green scales (AC +2). [demonic ancestry]
  2528 | D:3      | Reached XP level 4. HP: 30/30 MP: 7/7
  2847 | D:3      | Noticed Jessica
  2851 | D:3      | Killed Jessica
  2851 | D:3      | Reached skill level 7 in Necromancy
  2851 | D:3      | Gained mutation: You are mostly covered in slimy green scales (AC +3). [demonic ancestry]
  2851 | D:3      | Reached XP level 5. HP: 33/35 MP: 6/8
  3039 | D:3      | Found a blossoming altar of Fedhas.
  3070 | D:3      | Became a worshipper of Fedhas Madash
  3182 | D:4      | Learned a level 3 spell: Regeneration
  3412 | D:4      | Found Fymor's Antique Armour Shoppe.
  3894 | D:4      | Reached skill level 1 in Fighting
  3958 | D:4      | Reached XP level 6. HP: 41/43 MP: 7/9
  4206 | D:5      | Entered Level 5 of the Dungeon
  4382 | D:5      | Found Rimaxoe's Gadget Shoppe.
  4426 | D:5      | Reached skill level 5 in Dodging
  4426 | D:5      | Reached XP level 7. HP: 38/50 MP: 10/10
  4500 | D:5      | Noticed Sigmund
  4518 | D:5      | Killed Sigmund
  4613 | D:5      | Reached skill level 8 in Necromancy
  4781 | D:5      | Found an opulent altar of Gozag.
  4782 | D:5      | Found a glowing silver altar of Zin.
  5308 | D:6      | Reached XP level 8. HP: 49/58 MP: 8/11
  5325 | D:6      | Found a glowing golden altar of the Shining One.
  5366 | D:6      | Reached skill level 9 in Necromancy
  5382 | D:6      | Found a staircase to the Ecumenical Temple.
  5721 | D:6      | Found a basalt altar of Yredelemnul.
  5727 | D:6      | Noticed an angel
  6202 | D:7      | Reached skill level 10 in Necromancy
  6339 | D:7      | Found a snail-covered altar of Cheibriados.
  6527 | D:7      | Reached skill level 11 in Necromancy
  6588 | D:7      | Reached XP level 9. HP: 61/66 MP: 10/12
  6629 | D:7      | Reached skill level 5 in Fighting
  6883 | D:7      | Learned a level 2 spell: Blink
  6886 | D:7      | Learned a level 2 spell: Repel Missiles
  7140 | D:8      | Reached skill level 1 in Charms
  8044 | D:8      | Reached skill level 1 in Axes
  8083 | D:8      | Paralysed by an orc priest for 7 turns
  8242 | D:8      | Found a radiant altar of Vehumet.
  8797 | D:8      | Found a shimmering altar of Xom.
  9032 | D:9      | You fall through a shaft!
  9032 | D:10     | Entered Level 10 of the Dungeon
  9038 | D:10     | Noticed a queen ant
  9242 | D:10     | Gained mutation: You are completely covered in slimy green scales (AC +4, rPois). [demonic ancestry]
  9242 | D:10     | Reached XP level 10. HP: 26/76 MP: 5/13
  9600 | D:10     | Reached skill level 5 in Axes
  9651 | D:10     | Noticed Harold
  9685 | D:10     | Killed Harold
 10030 | D:9      | Acquired Fedhas's first power
 10057 | D:9      | Noticed a necromancer
 10057 | D:9      | Noticed Josephine
 10085 | D:10     | HP: 3/76 [flying skull (4)]
 10088 | D:10     | HP: 1/76 [flying skull (2)]
 10092 | D:10     | Slain by a flying skull

Vault maps used:
D:1:      dpeg_arrival_arbitrary_a, minmay_misc_feat_x, minivault_14,
          lemuel_another_geyser
D:2:      serial_forest, infiniplex_forest_end_3,
          infiniplex_forest_clump_curved, infiniplex_forest_straight_1,
          infiniplex_forest_straight_4, infiniplex_forest_clump_long,
          infiniplex_forest_end_3, infiniplex_forest_lined_1,
          infiniplex_forest_corner_1, infiniplex_forest_diagonal
D:3:      grunt_temple_overflow_open, fedhas_altar_fruit_tree, uniq_jessica
D:4:      serial_shops, shop
D:5:      grunt_temple_overflow_gold_and_silver, serial_shops, shop,
          first_bread, uniq_sigmund
D:6:      grunt_temple_overflow_holy_war, minmay_temple_entry_grid
D:7:      slow_altar_1
D:8:      vehumet_statue, nicolae_overflow_hidden_temple, the_bakery,
          lightli_minifort
D:9:      hangedman_screamer, grunt_lair_entry_elf_guard_hut, uniq_joseph
D:10:     enter_trove_1, minmay_another_anthill, uniq_nergalle, uniq_harold

Action                   |  1- 3 |  4- 6 |  7- 9 | 10-12 || total
-------------------------+-------+-------+-------+-------++-------
Melee: Whip              |   100 |    23 |       |       ||   123
       Dagger            |       |   135 |   392 |       ||   527
       Hand axe          |       |       |    90 |   110 ||   200
       Battleaxe         |       |       |    20 |       ||    20
 Cast: Pain              |    42 |    35 |    52 |     8 ||   137
       Vampiric Draining |       |     1 |    40 |    14 ||    55
Evoke: Wand              |       |       |     2 |       ||     2
  Use: Scroll            |     1 |     3 |     7 |     1 ||    12
       Potion            |       |     2 |     2 |       ||     4
 Stab: Sleeping          |    10 |     7 |     6 |     1 ||    24
       Distracted        |       |       |     2 |     1 ||     3
  Eat: Chunk             |     6 |     6 |    17 |     1 ||    30
       Pizza             |       |       |     2 |       ||     2
       Meat ration       |       |       |     1 |       ||     1
